 Dungeon Crawl Stone Soup version 0.24-a0-177-g4d90231847 (webtiles) character file.

Game seed: 7259634291136905975

1308358 EnegeticOcto the Slayer (level 22, 102/116 HPs)
             Began as a Felid Enchanter on Mar 12, 2019.
             Was an Elder of Dithmenos.
             Escaped with the Orb
             ... and 3 runes on Mar 13, 2019!
             The game lasted 05:41:29 (91221 turns).

EnegeticOcto the Slayer (Felid Enchanter)          Turns: 91221, Time: 05:41:29

Health: 102/116    AC:  5    Str:  4    XL:     22   Next: 53%
Magic:  39/39      EV: 32    Int: 22    God:    Dithmenos [****..]
Gold:   5557       SH:  0    Dex: 26    Spells: 3/45 levels left
                                        Lives:  1   Deaths: 6

rFire    + . .     SeeInvis +     - Unarmed
rCold    + . .     Gourm    .   (shield unavailable)
rNeg     . . .     Faith    +   (armour unavailable)
rPois    .         Spirit   .   (helmet unavailable)
rElec    .         Reflect  .   (cloak unavailable)
rCorr    .         Harm     .   (gloves unavailable)
MR       +++..                  (boots unavailable)
Stlth    +++.......             o - amulet of faith
HPRegen  0.29/turn              V - ring of protection from fire
MPRegen  0.26/turn              d - +5 ring of dexterity

@: studying Dodging, very heavily drained, quick
A: very small, no armour, no weapons or thrown items, stealth, antennae 1, claws
1, fangs 3, slimy green scales 1, see invisible, carnivore, speed 1, shaggy fur
3, slow metabolism 1, sharp paws
0: Orb of Zot
}: 3/15 runes: decaying, abyssal, gossamer
a: Shadow Step, Renounce Religion


You escaped.
You worshipped Dithmenos.
Dithmenos was greatly pleased with you.
You were full.

You visited 11 branches of the dungeon, and saw 50 of its levels.
You visited the Abyss 1 time.
You also visited: Trove, Sewer, Ice Cave, Volcano and Wizlab.

You collected 7067 gold pieces.
You spent 1510 gold pieces at shops.

Inventory:

Jewellery
 c - an uncursed ring of resist corrosion
 d - a +5 ring of dexterity (right paw)
 o - an amulet of faith (around neck)
 p - the amulet "Bonget Zoo" {Spirit Int+6 Slay+2}
   (You found it in a treasure trove)

   [amulet of guardian spirit]

   It causes incoming damage to be split between your health and magic.
   It affects your intelligence (+6).
   It affects your accuracy and damage with ranged weapons and melee attacks
   (+2).
 s - the amulet of Tygapt {RegenMP rC+}
   (You found it in a treasure trove)

   [amulet of magic regeneration]

   It increases your magic regeneration.
   It protects you from cold.
 C - the ring of Tiarph {Int+3 Slay+3 Stlth-}
   (You took it off an ogre mage on level 3 of the Depths)

   [ring of attention]

   It affects your intelligence (+3).
   It affects your accuracy and damage with ranged weapons and melee attacks
   (+3).
   It makes you less stealthy.
 Q - a +2 ring of evasion
 V - a ring of protection from fire (left paw)
Wands
 v - a wand of polymorph (68)
 y - a wand of digging (5)
 E - a wand of iceblast (11)
 J - a wand of enslavement (14)
 K - a wand of scattershot (1)
 M - a wand of paralysis (18)
 O - a wand of clouds (4)
 P - a wand of acid (6)
Scrolls
 a - 8 scrolls of teleportation {@r3 !r}
 f - 18 scrolls of remove curse {@r2}
 i - 5 scrolls of blinking {@r4}
 n - 2 scrolls of fear {!r}
 w - a scroll of magic mapping {@r5 !r}
 x - 4 scrolls of vulnerability
 z - 2 scrolls of summoning
 A - 2 scrolls of immolation
 B - 3 scrolls of torment
 F - a scroll of silence
 L - 6 scrolls of amnesia
 T - a scroll of holy word
 W - 9 scrolls of identify {@r1}
Potions
 g - 7 potions of agility {@q5 !q}
 h - 9 potions of flight
 l - 14 potions of lignification {@q6}
 m - 6 potions of haste {@q4 !q}
 q - 14 potions of heal wounds {@q2}
 r - 3 potions of magic
 t - 6 potions of curing {@q1}
 u - a potion of mutation
 I - 5 potions of might {@q3 !q}
 N - 2 potions of resistance
 R - 2 potions of ambrosia
 S - 4 potions of brilliance
 Y - a potion of berserk rage
Books
 k - a manual of Dodging
Miscellaneous
 b - a lamp of fire
 D - a box of beasts
 G - a phial of floods
 X - 2 phantom mirrors
 Z - a sack of spiders
Comestibles
 e - 70 rations


   Skills:
 + Level 21.3(16.1) Fighting
 - Level 17.0(12.2) Dodging
 + Level 19.6(14.6) Stealth
 - Level 15.1(10.6) Unarmed Combat
 - Level 12.0(7.7) Spellcasting
 - Level 18.0(13.1) Hexes
 - Level 9.4(5.4) Charms
 - Level 6.5(2.8) Summonings
 - Level 11.0(6.8) Necromancy
 - Level 10.0(6.0) Translocations
 - Level 11.0(6.8) Transmutations
 - Level 3.1(0.0) Ice Magic
 - Level 9.0(5.0) Air Magic
 - Level 10.0(5.9) Earth Magic
 + Level 14.5(10.0) Invocations


You had 3 spell levels left.
You knew the following spells:

 Your Spells              Type           Power        Failure   Level  Hunger
a - Corona                Hex            ######.      1%          1    None
b - Ensorcelled Hibernat  Hex/Ice        #####.       1%          2    None
c - Confuse               Hex            ######..     1%          3    None
d - Blink                 Tloc           N/A          1%          2    None
e - Tukima's Dance        Hex            ######..     1%          3    None
f - Cause Fear            Hex            ######....   1%          4    ###....
g - Summon Lightning Spi  Summ/Air       ####....     16%         4    ###....
h - Statue Form           Tmut/Erth      #####....    63%         6    ######.
i - Deflect Missiles      Chrm/Air       ####......   80%         6    ######.
j - Sublimation of Blood  Necr           #####.....   1%          2    None
x - Apportation           Tloc           ####..       1%          1    None
z - Borgnjor's Vile Clut  Necr/Erth      #####.....   16%         5    #####..
T - Regeneration          Chrm/Necr      #####.....   1%          3    None

Your spell library contained the following spells:

 Spells                   Type           Power        Failure   Level  Hunger
 Animate Skeleton         Necr           N/A          1%          1    None
 Confusing Touch          Hex            ######       1%          1    None
 Infusion                 Chrm           ####         1%          1    None
 Pain                     Necr           ####         1%          1    None
 Shroud of Golubria       Chrm/Tloc      ####......   1%          2    None
 Slow                     Hex            ######..     1%          2    None
 Song of Slaying          Chrm           ####....     1%          2    None
 Dazzling Spray           Conj/Hex       #####.       1%          3    None
 Gell's Gravitas          Tloc           ####......   1%          3    None
 Inner Flame              Hex/Fire       #####...     1%          3    None
 Summon Guardian Golem    Hex/Summ       #####...     1%          3    None
 Vampiric Draining        Necr           #####.....   1%          3    None
 Summon Small Mammal      Summ           ###.         2%          1    None
 Call Imp                 Summ           ###.....     3%          2    None
 Recall                   Summ/Tloc      N/A          3%          3    None
 Poisonous Vapours        Pois/Air       ###...       4%          2    None
 Flame Tongue             Conj/Fire      #....        8%          1    None
 Magic Dart               Conj           #...         8%          1    None
 Sting                    Conj/Pois      #...         8%          1    None
 Call Canine Familiar     Summ           ###.....     8%          3    None
 Ignite Poison            Fire/Tmut/Pois ###.....     9%          3    None
 Static Discharge         Conj/Air       ###.....     9%          3    None
 Throw Flame              Conj/Fire      #.....       12%         2    None
 Mephitic Cloud           Conj/Pois/Air  ###.....     12%         3    None
 Conjure Flame            Conj/Fire      #.......     22%         3    None
 Leda's Liquefaction      Hex/Erth       ######....   1%          4    ###....
 Yara's Violent Unravell  Hex/Tmut       ######....   3%          5    #####..
 Animate Dead             Necr           N/A          4%          4    ###....
 Silence                  Hex/Air        #####.....   4%          5    #####..
 Petrify                  Tmut/Erth      #####...     5%          4    ###....
 Metabolic Englaciation   Hex/Ice        #####.....   14%         5    #####..
 Summon Ice Beast         Ice/Summ       ##......     38%         4    ###....
 Alistair's Intoxication  Tmut/Pois      ###.....     45%         5    #####..
 Irradiate                Conj/Tmut      ###.......   45%         5    #####..
 Death Channel            Necr           #####.....   56%         6    ######.
 Sticky Flame             Conj/Fire      #.......     58%         4    ###....
 Throw Icicle             Conj/Ice       #.......     58%         4    ###....
 Lightning Bolt           Conj/Air       ###.......   58%         5    #####..
 Bolt of Magma            Conj/Fire/Erth ###.......   67%         5    #####..
 Fireball                 Conj/Fire      #.........   91%         5    #####..
 Discord                  Hex            ######....   92%         8    #######
 Simulacrum               Ice/Necr       ###.......   96%         6    ######.
 Iron Shot                Conj/Erth      ###.......   98%         6    ######.
 Freezing Cloud           Conj/Ice/Air   ###.......   99%         6    ######.
 Ring of Flames           Chrm/Fire      ###.......   100%        7    #######
 Ignition                 Fire           #.........   100%        8    #######
 Shatter                  Erth           ####......   100%        9    #######
 Tornado                  Air            ####......   100%        9    #######
 Portal Projectile        Hex/Tloc       Unusable     N/A         3    N/A
 Spectral Weapon          Hex/Chrm       Unusable     N/A         3    N/A

Dungeon Overview and Level Annotations

Branches:
Dungeon (15/15)            Temple (1/1) D:5            Lair (6/6) D:9
  Swamp (4/4) Lair:3       Spider (4/4) Lair:4        Slime (1/5) Lair:6
    Orc (2/2) D:11            Elf (3/3) Orc:2        Vaults (4/5) D:13
  Crypt (0/3) Vaults:3     Depths (5/5) D:15            Zot (5/5) Depths:5

Altars:
Ashenzari
Cheibriados
Dithmenos
Elyvilon
Fedhas
Gozag
Hepliaklqana
Kikubaaqudgha
Makhleb
Nemelex Xobeh
Okawaru
Qazlal
Ru
Sif Muna
Trog
Uskayaw
Vehumet
Wu Jian
Xom
Yredelemnul
Zin

Shops:
D:4 :   D:7 %   Orc:2 (([   Elf:1 ((*(   Elf:3 ([*[}   Vaults:4 *%%[

Portals:
Hell: Depths:1 Depths:2 Depths:3 Depths:4 Depths:5
Abyss: Depths:2 Depths:3 Depths:4
Pandemonium: Depths:1 Depths:2 Depths:3
Ziggurat: Depths:2

Annotations:
D:1 exclusion: downstairs
D:7 exclusion: 9 doors
D:11 exclusion: cyclops
Elf:2 3 runed translucent doors
Elf:3 1 exclusion
Vaults:3 exclusion: 3 doors, Mara
Depths:3 exclusion: downstairs
Depths:5 exclusions: 3 draconian stormcallers and upstairs
Zot:5 exclusion: 2 doors


Innate Abilities, Weirdness & Mutations

You cannot wear armour.
You are incapable of wielding weapons or throwing items.
Your paws allow you to move quietly. (Stealth)
You have sharp claws.
You have razor-sharp teeth.
You have supernaturally acute eyesight. (SInv)
You are carnivorous and can eat meat at any time.
You cover ground quickly.
Your thick and shaggy fur keeps you warm. (AC +3, rC+)
You have a slow metabolism.
Your sharp claws are effective at attacking unaware monsters.
You have a pair of small antennae on your head.
You are partially covered in slimy green scales. (AC +2)


Message History

You turn into a swirling mass of dark shadows.
You feel drained.
You fade into the shadows.
You can no longer transform into a swirling mass of shadows.
The Brimstone Fiend gestures at you.
The sphere of damnation explodes!
The damnation engulfs you!!!
You emit a cloud of dark smoke.
You feel drained.
Things that are here:
a stone; a +0 dagger
There is a stone staircase leading up here.
You climb upwards.
Level annotation: exclusion: downstairs
There is a stone staircase leading down here.
A lorocyproca comes into view.
Your transformation is almost over.
An angel comes into view.
It is wielding a +2 sacred scourge of holy wrath.
You emerge from the shadows.
The angel moves out of view.
There is an open door here.
There is a staircase leading out of the dungeon here.
You have escaped!

.##......'.........###.........'.
.##.....##..####.### ###.####..#.
.##.....##.#A###.# #.###.#.#.
.....)..##.##.#.## ##.#.##.#.
........##.###.## ##.###.#.
.........#.##.#A## ##.#.##.#.
.........#.#.###.# #.###.#.#.
.........#..####.### ###.####..#.
)........+......@..###.........+.
..#......##.####.##.#.##.####.##.
.........###.###.###.###.###.###.
...(.....# ##.##.##.#.##.##.## #.
...##..#.# ##.#.#.###.#.#.#####.
...#.###.# ##...#####...###....
...##).### ##.........## #..#.
...####.# #####'#######+####..#.
#####..## #...................#.


You could see an angel.

Vanquished Creatures
  2 ancient liches (Zot:5)
  A juggernaut (Depths:5)
  2 Killer Klowns
  Saint Roka (Vaults:1)
  A curse toe (Zot:1)
  2 caustic shrikes (Depths:5)
  4 golden dragons
  2 bone dragons
  3 electric golems
  Arachne (Spider:4)
  11 tentacled monstrosities
  2 liches
  Asterion (Vaults:2)
  6 quicksilver dragons
  9 Orb Guardians (Zot:5)
  2 death cobs
  6 storm dragons
  A sphinx (Vaults:3)
  A thorn hunter (Swamp:2)
  5 tengu reavers
  2 shadow dragons
  Donald (Vaults:2)
  2 draconian monks
  10 frost giants
  7 fire giants
  7 vault wardens
  2 draconian knights
  A cacodemon (Abyss:1)
  4 ghost moths (Spider:4)
  4 emperor scorpions
  A balrug (Depths:4)
  A deep elf elementalist (Elf:1)
  A war gargoyle (Vaults:3)
  A draconian stormcaller (Depths:5)
  Aizul (Vaults:2)
  8 ironheart preservers
  9 stone giants
  3 draconian annihilators
  2 draconian shifters
  2 vampire knights
  3 green draconians
  3 entropy weavers
  Nessos (Lair:5)
  2 black draconians
  13 very ugly things
  3 deep elf demonologists
  A lorocyproca (Depths:2)
  A deep elf annihilator (Elf:1)
  3 purple draconians
  4 yellow draconians
  The ghost of iamserjio the Fighter, a journeyman OpCK of Nemelex Xobeh (Lair:4)
  4 red draconians
  6 white draconians
  12 spark wasps
  An orange crystal statue (WizLab)
  10 ettins
  A merfolk javelineer (Depths:2)
  A deep elf death mage (Elf:3)
  An eidolon (Abyss:1)
  A fire dragon (shapeshifter) (Depths:3)
  A crystal guardian (Vaults:3)
  Josephine (D:12)
  A deep elf high priest (Depths:3)
  15 fire dragons
  3 jiangshi
  12 yaktaur captains
  A merfolk impaler (Depths:1)
  6 great orbs of eyes
  14 hydras
  9 vault guards
  9 ice dragons
  3 ghost crabs (Swamp:4)
  A shambling mangrove (Swamp:2)
  Erolcha (D:11)
  12 centaur warriors
  4 spriggan air magi
  3 death knights
  6 rakshasas
  16 ogre magi
  An alligator (shapeshifter) (Elf:2)
  46 two-headed ogres
  8 alligators
  7 deep troll shamans
  11 dancing weapons
  17 deep troll earth magi
  4 tengu warriors
  6 spriggan berserkers
  5 vampire magi
  2 thrashing horrors
  4 orc high priests
  2 sun demons (Depths:4)
  A soul eater (Abyss:2)
  19 deep elf knights
  2 wretched stars (Abyss:2)
  A fire crab (shapeshifter) (Vaults:1)
  An iron troll (D:15)
  2 sixfirhies
  10 hell knights
  An unseen horror (shapeshifter) (Elf:1)
  5 unseen horrors
  4 skeletal warriors
  39 deep trolls
  A spatial maelstrom (Abyss:2)
  4 spriggan druids
  4 spectral hydras (Swamp:4)
  5 flayed ghosts
  3 glowing orange brains
  22 deep elf archers
  A swamp dragon (Swamp:1)
  8 wizards
  4 phantasmal warriors
  4 starcursed masses (Abyss:1)
  4 large abominations
  15 ironbrand convokers
  A necromancer (Vaults:3)
  79 ugly things
  An oklob plant (Swamp:4)
  4 harpies (Vaults:2)
  14 orc knights
  22 orb spiders
  8 orc sorcerers
  53 wolf spiders
  A shining eye (Slime:1)
  50 deep elf magi
  A salamander (shapeshifter) (Vaults:3)
  9 cyclopes
  3 worldbinders
  17 moths of wrath
  10 elephants (Lair:5)
  2 manticores (D:14)
  15 vault sentinels
  4 black mambas (Lair:4)
  A black mamba (shapeshifter) (Depths:2)
  An elephant (shapeshifter) (Vaults:1)
  19 spiny frogs
  2 guardian serpents (shapeshifter)
  2 torpor snails
  4 smoke demons
  3 centaur skeletons
  2 kobold demonologists
  2 rime drakes
  49 yaktaurs
  10 freezing wraiths
  8 komodo dragons
  3 hydra zombies (Swamp:4)
  A komodo dragon (shapeshifter) (Depths:1)
  16 demonic crawlers
  3 swamp worm zombies (Swamp:4)
  3 efreet
  An ice devil (Depths:1)
  A hellwing (Depths:2)
  10 trolls
  39 jumping spiders
  4 polar bears (Lair:6)
  A polar bear (shapeshifter) (Vaults:2)
  2 tengu conjurers
  A merfolk (shapeshifter) (Depths:4)
  10 tyrant leeches
  68 slime creatures
  9 bog bodies
  A hornet (shapeshifter) (Vaults:1)
  30 hornets
  11 hippogriffs
  A spectral swamp dragon (Swamp:4)
  A snapping turtle (shapeshifter) (Vaults:3)
  2 stone giant simulacra
  5 alligator zombies (Swamp:4)
  21 blink frogs
  66 redbacks
  3 flying skulls (Abyss:1)
  25 spriggans
  4 shadows
  45 tarantellas
  4 air elementals
  2 wyverns
  17 water elementals
  9 wraiths
  31 yaks
  2 fire bats (Abyss:3)
  2 golden eyes (Slime:1)
  2 basilisks
  2 neqoxecs
  6 wargs
  20 vampire mosquitoes
  2 spatial vortices (Abyss:2)
  16 swamp worms
  14 insubstantial wisps
  10 water moccasins
  A soldier ant (shapeshifter) (Depths:3)
  2 floating eyes
  9 porcupines
  3 acid dragons
  11 swamp drakes
  An ice beast (D:6)
  2 sky beasts
  2 eyes of draining
  4 swamp dragon zombies (Swamp:4)
  5 black bears
  37 orc warriors
  7 phantoms
  46 ogres
  16 centaurs
  13 boggarts
  30 wolves
  16 crocodiles
  6 big kobolds
  15 bullfrogs
  A wyvern zombie (D:14)
  2 earth elementals
  A water moccasin zombie (D:7)
  A wyvern skeleton (D:14)
  3 scorpions
  3 wights
  4 electric eels
  6 howler monkeys
  4 crimson imps
  2 quasits
  3 bullfrog zombies
  3 centaur zombies
  3 jellies
  2 gnoll shamans (D:8)
  29 orc priests
  4 bullfrog skeletons
  4 hounds
  2 iron imps
  34 orc wizards
  Jessica (D:2)
  5 iguanas
  Natasha (D:1)
  2 spectral swamp drakes (Swamp:4)
  9 worker ants
  6 small abominations
  A hound skeleton (D:10)
  14 gnolls
  15 adders
  8 river rats
  A swamp drake zombie (Swamp:4)
  5 shadow imps
  12 white imps (Lair:2)
  2 ufetubi
  6 oozes
  3 adder zombies
  An adder skeleton (D:8)
  5 worms
  4 dart slugs
  12 leopard geckos
  97 orcs
  5 ball pythons
  11 bats
  10 giant cockroaches
  10 goblins
  10 hobgoblins
  14 jackals
  5 quokkas
  12 frilled lizards
  20 kobolds
  A leopard gecko skeleton (D:4)
  13 rats
  A plant (Swamp:3)
2177 creatures vanquished.

Vanquished Creatures (collateral kills)
  A caustic shrike (Depths:5)
  2 vault wardens
  2 frost giants
  2 red draconians
  A hydra (Lair:4)
  A two-headed ogre (D:13)
  An orc high priest (Orc:2)
  8 hell knights
  A deep elf knight (Vaults:3)
  A necromancer (Depths:5)
  3 orc knights
  An orc sorcerer (Orc:2)
  2 ugly things (Vaults:2)
  A vault sentinel (Vaults:2)
  Psyche (D:9)
  3 orc warriors
  6 ogres
  4 wights
  A hound (D:10)
  4 orc priests
  2 orc wizards
  A leopard gecko (D:10)
  5 orcs
54 creatures vanquished.

Vanquished Creatures (others)
  A deep elf sorcerer (Abyss:3)
  A stone giant (Depths:3)
  A vampire knight (Depths:5)
  A deep elf knight (Elf:2)
  A hell knight (Depths:2)
  A spriggan druid (Swamp:3)
  2 deep elf magi (Elf:2)
  An ugly thing (Vaults:1)
  A vault sentinel (Vaults:3)
  A rime drake (IceCv)
  A yaktaur (Vaults:4)
  A polar bear (IceCv)
  15 dancing weapons
  A yak (IceCv)
  2 spriggans (Lair:6)
  A shadow (Swamp:2)
  An insubstantial wisp (Swamp:4)
  A phantom (Swamp:4)
  An ogre (D:13)
  A wolf (IceCv)
  21 fungi
  7 plants
64 creatures vanquished.

Grand Total: 2295 creatures vanquished

Notes
Turn   | Place    | Note
-------+----------+-------------------------------------------
     0 | D:1      | EnegeticOcto the Felid Enchanter began the quest for the
                  | Orb.
     0 | D:1      | Reached XP level 1. HP: 7/7 MP: 4/4
   429 | D:1      | Reached XP level 2. HP: 8/12 MP: 4/6
   439 | D:1      | Learned a level 2 spell: Ensorcelled Hibernation
  1009 | D:1      | Reached skill level 1 in Fighting
  1233 | D:1      | Reached XP level 3. HP: 13/15 MP: 2/7
  1627 | D:1      | Learned a level 3 spell: Confuse
  1922 | D:2      | Noticed Natasha
  2381 | D:1      | Reached skill level 5 in Hexes
  2898 | D:1      | Upgraded the game from 0.24-a0-173-gc15b636e9c to
                  | 0.24-a0-177-g4d90231847
  2921 | D:1      | Killed Natasha
  2921 | D:1      | Reached skill level 5 in Stealth
  2921 | D:1      | Reached XP level 4. HP: 7/19 MP: 1/8
  3430 | D:2      | Noticed Jessica
  3617 | D:2      | Reached skill level 2 in Fighting
  4152 | D:2      | Reached XP level 5. HP: 22/22 MP: 4/9
  4210 | D:2      | Killed Jessica
  4456 | D:3      | Learned a level 2 spell: Blink
  4533 | D:3      | Killed from afar by an orc priest
  4534 | D:3      | Reached XP level 4. HP: -2/19 MP: 1/8
  5175 | D:3      | Reached XP level 5. HP: 23/23 MP: 3/9
  6814 | D:2      | Found a hazy altar of Hepliaklqana.
  7228 | D:3      | Noticed an ogre
  7272 | D:4      | Gained mutation: You are covered in thick fur. (AC +2)
                  | [Felid growth]
  7272 | D:4      | Reached XP level 6. HP: 25/27 MP: 7/10
  7314 | D:4      | Reached skill level 3 in Fighting
  7596 | D:4      | Found a glowing drain.
  7603 | Sewer    | Entered a sewer
  8317 | D:4      | Reached XP level 7. HP: 31/31 MP: 7/11
  9693 | D:3      | Reached skill level 4 in Fighting
 11462 | D:4      | Found Peghobum's Book Shop.
 11617 | D:4      | Found Peghobum's Book Shop.
 12370 | D:5      | Entered Level 5 of the Dungeon
 12889 | D:5      | Found a staircase to the Ecumenical Temple.
 12895 | D:5      | Reached XP level 8. HP: 36/36 MP: 7/12
 12906 | Temple   | Entered the Ecumenical Temple
 12988 | Temple   | Became a worshipper of Dithmenos the Shadowed
 13550 | D:6      | Found an opulent altar of Gozag.
 13554 | D:6      | Found a hide-covered altar of Uskayaw.
 13555 | D:6      | Found a burning altar of Makhleb.
 13843 | D:6      | Reached skill level 5 in Unarmed Combat
 13843 | D:6      | Reached skill level 1 in Ice Magic
 14030 | D:6      | Reached skill level 10 in Hexes
 14250 | D:7      | Found a snail-covered altar of Cheibriados.
 14329 | D:7      | Reached skill level 5 in Fighting
 14652 | D:7      | Found a glowing silver altar of Zin.
 14663 | D:7      | Reached * piety under Dithmenos
 14725 | D:7      | Noticed a gargoyle
 15149 | D:7      | Found Koacviege's Food Boutique.
 15190 | D:7      | Found an ancient bone altar of Kikubaaqudgha.
 15565 | D:7      | Reached XP level 9. HP: 40/40 MP: 6/15
 16003 | D:7      | Learned a level 3 spell: Tukima's Dance
 16159 | D:8      | Noticed a two-headed ogre
 17100 | D:8      | Reached skill level 5 in Dodging
 17227 | D:8      | Reached skill level 6 in Fighting
 17289 | D:7      | Learned a level 4 spell: Cause Fear
 17641 | D:8      | Reached ** piety under Dithmenos
 18097 | D:8      | Found a sparkling altar of Nemelex Xobeh.
 18827 | D:8      | Killed a two-headed ogre
 18827 | D:8      | Reached skill level 5 in Spellcasting
 18827 | D:8      | Reached XP level 10. HP: 46/46 MP: 18/18
 19691 | D:8      | Reached skill level 7 in Fighting
 20122 | D:9      | Found a staircase to the Lair.
 20561 | D:9      | Noticed Psyche
 20587 | D:9      | Killed Psyche
 20587 | D:9      | Reached *** piety under Dithmenos
 21271 | D:10     | Entered Level 10 of the Dungeon
 21566 | D:10     | Noticed a two-headed ogre
 21577 | D:10     | Killed a two-headed ogre
 22003 | D:10     | Reached skill level 8 in Fighting
 22030 | D:10     | Reached skill level 10 in Stealth
 22481 | D:10     | Reached XP level 11. HP: 52/52 MP: 21/21
 22823 | Lair:1   | Entered Level 1 of the Lair of Beasts
 23075 | Lair:1   | Reached skill level 9 in Fighting
 23075 | Lair:1   | Reached skill level 10 in Dodging
 23081 | Lair:1   | Reached **** piety under Dithmenos
 23731 | Lair:1   | Reached skill level 10 in Fighting
 24240 | Lair:2   | Noticed a five-headed hydra
 24561 | Lair:2   | Found a frozen archway.
 24667 | IceCv    | Entered an ice cave
 24853 | Lair:2   | Reached ***** piety under Dithmenos
 25308 | Lair:2   | Killed a five-headed hydra
 25308 | Lair:2   | Gained mutation: Your thick and shaggy fur keeps you warm.
                  | (AC +3, rC+) [Felid growth]
 25308 | Lair:2   | Reached XP level 12. HP: 58/58 MP: 23/23
 25480 | Lair:3   | Found a dark tunnel.
 25531 | Volcano  | Entered a volcano
 25619 | Lair:3   | Noticed a four-headed hydra
 25637 | Lair:3   | Killed a four-headed hydra
 25682 | Lair:3   | Learned a level 5 spell: Borgnjor's Vile Clutch
 26062 | Lair:3   | Found a staircase to the Swamp.
 26382 | Lair:4   | Found a transporter.
 26386 | Lair:4   | Noticed a four-headed hydra
 26387 | Lair:4   | Noticed iamserjio's ghost (journeyman OpCK)
 26392 | Lair:4   | Noticed an eight-headed hydra
 26396 | Lair:4   | Noticed a four-headed hydra
 26470 | Lair:4   | Reached skill level 1 in Earth Magic
 26508 | Lair:4   | Found a transporter.
 27428 | Lair:4   | Found a hole to the Spider Nest.
 28272 | Lair:5   | Noticed Nessos
 28287 | Lair:5   | Noticed a seven-headed hydra
 28296 | Lair:5   | Reached skill level 11 in Fighting
 28471 | Lair:5   | Killed a seven-headed hydra
 29305 | Lair:6   | Entered Level 6 of the Lair of Beasts
 29306 | Lair:6   | Found a staircase to the Slime Pits.
 29433 | Lair:6   | Reached XP level 13. HP: 51/63 MP: 20/25
 30184 | D:4      | Bought a book of the Earth for 845 gold pieces
 30191 | D:4      | Learned a level 6 spell: Statue Form
 30503 | Lair:6   | Reached ****** piety under Dithmenos
 30725 | Lair:6   | Reached skill level 1 in Transmutations
 32187 | D:11     | Noticed Erolcha
 32190 | D:11     | Killed Erolcha
 32241 | D:11     | Reached skill level 5 in Earth Magic
 32312 | D:11     | Found a staircase to the Orcish Mines.
 33546 | D:12     | Reached skill level 5 in Transmutations
 33724 | D:12     | Found an iron altar of Okawaru.
 33747 | D:12     | Found a runed translucent door.
 34774 | D:13     | Reached XP level 14. HP: 68/68 MP: 26/26
 34863 | D:13     | Found a gate to the Vaults.
 34921 | D:13     | Reached skill level 12 in Fighting
 36705 | D:15     | Entered Level 15 of the Dungeon
 36883 | D:15     | Found a burning altar of Makhleb.
 37900 | D:15     | Found a staircase to the Depths.
 38438 | Orc:1    | Entered Level 1 of the Orcish Mines
 38829 | Orc:1    | Reached XP level 15. HP: 73/73 MP: 27/27
 38902 | Orc:2    | Entered Level 2 of the Orcish Mines
 38962 | Orc:1    | Reached skill level 10 in Unarmed Combat
 39161 | Orc:1    | Found a radiant altar of Vehumet.
 39511 | Orc:2    | Found a staircase to the Elven Halls.
 39755 | Orc:2    | Found Devo's Antique Armour Shoppe.
 39772 | Orc:2    | Reached skill level 10 in Transmutations
 40847 | Orc:2    | Found Juoveomp's Weapon Boutique.
 40859 | Orc:2    | Found Rallei's Armour Shoppe.
 40869 | Orc:2    | Found Ible Wil's Weapon Boutique.
 41299 | Lair:5   | Killed Nessos
 41693 | Spider:1 | Entered Level 1 of the Spider Nest
 42181 | Spider:1 | Reached skill level 13 in Fighting
 42183 | Spider:1 | Reached skill level 10 in Earth Magic
 42192 | Spider:1 | Reached skill level 1 in Necromancy
 42548 | Spider:1 | Identified a scroll of acquirement
 43140 | Spider:2 | Learned a level 3 spell: Regeneration
 43306 | Spider:2 | Reached skill level 1 in Charms
 43976 | Spider:3 | Reached XP level 16. HP: 78/78 MP: 27/29
 44982 | Spider:4 | Entered Level 4 of the Spider Nest
 45487 | Spider:4 | Reached skill level 5 in Necromancy
 46014 | Spider:4 | Reached skill level 14 in Fighting
 46085 | Spider:4 | Noticed Arachne
 46167 | Spider:4 | Killed Arachne
 46710 | Spider:4 | Reached skill level 1 in Invocations
 46993 | Spider:4 | Reached skill level 10 in Spellcasting
 47270 | Spider:4 | Slain by a demonic crawler
 47271 | Spider:4 | Reached XP level 15. HP: 0/76 MP: 0/30
 47348 | Spider:4 | Killed a ghost moth
 47357 | Spider:4 | Killed a ghost moth
 47357 | Spider:4 | Reached XP level 16. HP: 80/80 MP: 1/31
 47539 | Spider:4 | Got a gossamer rune of Zot
 47940 | Swamp:1  | Entered Level 1 of the Swamp
 48865 | Swamp:2  | Noticed a thorn hunter
 48879 | Swamp:2  | Killed a thorn hunter
 49664 | Swamp:2  | Reached skill level 5 in Invocations
 50810 | Swamp:3  | Reached skill level 15 in Fighting
 50977 | Swamp:4  | Entered Level 4 of the Swamp
 52270 | Swamp:4  | Reached XP level 17. HP: 72/85 MP: 11/32
 52493 | Swamp:4  | Noticed a bone dragon
 52713 | Swamp:4  | Killed a bone dragon
 52733 | Swamp:4  | Got a decaying rune of Zot
 52982 | D:12     | Noticed Josephine
 52991 | D:12     | Killed Josephine
 53080 | Vaults:1 | Entered Level 1 of the Vaults
 53912 | Vaults:1 | Reached skill level 10 in Necromancy
 54519 | Vaults:1 | Reached skill level 16 in Fighting
 55245 | Vaults:1 | Noticed Saint Roka
 55270 | Vaults:1 | Killed from afar by Saint Roka
 55271 | Vaults:1 | Reached XP level 16. HP: 0/82 MP: 7/31
 55312 | Vaults:1 | Slain by Saint Roka
 55313 | Vaults:1 | Reached XP level 15. HP: -4/152 MP: 14/30
 55782 | Vaults:1 | Reached XP level 16. HP: 82/82 MP: 20/31
 55786 | Vaults:1 | Reached skill level 1 in Translocations
 56323 | Vaults:1 | Killed Saint Roka
 56804 | Elf:1    | Entered Level 1 of the Elven Halls
 56836 | Elf:1    | Found a radiant altar of Vehumet.
 56933 | Elf:1    | Found Miuty's Antique Weapon Shoppe.
 56933 | Elf:1    | Found Qipt's Weapon Emporium.
 56937 | Elf:1    | Found Ocliapsa's Weapon Emporium.
 56939 | Elf:1    | Found Satitu's Assorted Antiques.
 57101 | Elf:1    | Identified the Grimoire of Battle Magic
 57805 | Elf:1    | Reached skill level 5 in Translocations
 57943 | Elf:2    | Reached skill level 10 in Invocations
 58183 | Elf:2    | Learned a level 4 spell: Summon Lightning Spire
 58368 | Elf:2    | Reached skill level 15 in Unarmed Combat
 58398 | Elf:2    | Reached skill level 1 in Summonings
 58403 | Elf:2    | Reached skill level 1 in Air Magic
 58839 | Elf:2    | Found a runed translucent gate.
 58839 | Elf:2    | Found a runed translucent gate.
 58840 | Elf:2    | Found a runed translucent gate.
 59238 | Elf:3    | Entered Level 3 of the Elven Halls
 59258 | Elf:3    | Found Ratex's Antique Weapon Emporium.
 59354 | Elf:3    | Found Otset's Armour Shop.
 59369 | Elf:3    | Found Emmiex's General Store.
 59462 | Elf:3    | Found Bacynaa's Armour Emporium.
 59483 | Elf:3    | Found Wexta's Gadget Shop.
 59491 | Elf:3    | Bought a wand of digging (6) for 240 gold pieces
 59491 | Elf:3    | Bought a phantom mirror for 360 gold pieces
 59985 | Elf:3    | Reached XP level 17. HP: 87/87 MP: 23/32
 61180 | Vaults:2 | Noticed Asterion
 61185 | Vaults:2 | Killed Asterion
 61694 | Vaults:2 | Reached skill level 5 in Summonings
 62169 | Vaults:2 | Reached skill level 5 in Air Magic
 63021 | Vaults:2 | Reached skill level 17 in Fighting
 63200 | Vaults:2 | Noticed Aizul
 63207 | Vaults:2 | Killed Aizul
 63208 | Vaults:2 | Noticed Donald
 63211 | Vaults:2 | Killed Donald
 64273 | Vaults:2 | Noticed an iron giant
 64292 | Vaults:2 | Noticed an acid blob
 64294 | Vaults:2 | Noticed a caustic shrike
 64294 | Vaults:2 | an acid blob changed into a caustic shrike
 64295 | Vaults:2 | Noticed a golden dragon
 64295 | Vaults:2 | a caustic shrike changed into a golden dragon
 64699 | Vaults:2 | Found the +9 heavy crossbow "Sniper" {velocity, Acc+∞ SInv}
 65208 | Vaults:3 | Reached XP level 18. HP: 88/93 MP: 7/33
 65548 | Vaults:3 | Reached skill level 18 in Fighting
 67025 | Vaults:3 | Found a staircase to the Crypt.
 67383 | Vaults:3 | Noticed Mara
 68416 | Vaults:4 | Found Becw's General Store.
 68424 | Vaults:4 | Bought a potion of berserk rage for 65 gold pieces
 68596 | Vaults:4 | Found Zusar's Armour Emporium.
 69285 | Vaults:4 | Reached skill level 15 in Hexes
 69292 | Vaults:4 | Reached XP level 19. HP: 99/99 MP: 8/35
 69491 | Vaults:4 | Demolished by a vault warden
 69492 | Vaults:4 | Reached XP level 18. HP: -21/122 MP: 22/34
 69662 | Vaults:4 | Found Axo Cuse's Food Emporium.
 69674 | Vaults:4 | Found Aryah's Food Shop.
 70615 | Depths:1 | Entered Level 1 of the Depths
 70820 | Depths:1 | Found a portal to a secret trove of treasure.
 70832 | Depths:1 | Found a magical portal.
 70841 | WizLab   | Entered Wucad Mu's Monastery
 70926 | WizLab   | Found the +9 staff of Wucad Mu {channel}
 71093 | WizLab   | Reached XP level 19. HP: 99/99 MP: 35/35
 72918 | Depths:1 | Found a gateway to Hell.
 73035 | Depths:1 | Found a one-way gate leading to the halls of Pandemonium.
 73508 | Depths:2 | Reached skill level 19 in Fighting
 73630 | Depths:2 | Found a gateway to a ziggurat.
 74161 | Depths:2 | Reached skill level 5 in Charms
 74161 | Depths:2 | Reached XP level 20. HP: 90/104 MP: 6/37
 74719 | Depths:2 | Found a one-way gate to the infinite horrors of the Abyss.
 74822 | Depths:2 | Learned a level 6 spell: Deflect Missiles
 77104 | Lair:4   | Killed iamserjio's ghost
 77524 | Trove    | Entered a treasure trove
 77536 | Trove    | Got a scintillating sapphire amulet
 77537 | Trove    | Identified the amulet "Bonget Zoo" {Spirit Int+6 Slay+2}
                  | (You found it in a treasure trove)
 77539 | Trove    | Got a glittering sapphire amulet
 77540 | Trove    | Identified the amulet of Tygapt {RegenMP rC+} (You found it
                  | in a treasure trove)
 78039 | Depths:3 | Reached skill level 15 in Dodging
 78624 | Depths:3 | Identified the ring of Tiarph {Int+3 Slay+3 Stlth-}
 79487 | Depths:4 | Reached XP level 21. HP: 108/108 MP: 13/38
 79630 | Depths:4 | Reached skill level 15 in Stealth
 81538 | Depths:5 | Entered Level 5 of the Depths
 81899 | Depths:5 | Learned a level 1 spell: Apportation
 81974 | Depths:5 | Found a gate to the Realm of Zot.
 82240 | Depths:5 | Noticed a caustic shrike
 82241 | Depths:5 | Noticed a caustic shrike
 82244 | Depths:5 | Noticed a caustic shrike
 82262 | Depths:5 | Killed a caustic shrike
 82264 | Depths:5 | Killed a caustic shrike
 82384 | Depths:5 | Killed a caustic shrike
 83041 | Depths:5 | Reached skill level 20 in Fighting
 83184 | Depths:5 | Noticed a juggernaut
 83189 | Depths:5 | Killed a juggernaut
 83487 | Depths:5 | Found a shattered altar of Ashenzari.
 83700 | Depths:4 | Voluntarily entered the Abyss.
 83813 | Abyss:1  | Learned a level 2 spell: Sublimation of Blood
 83843 | Abyss:1  | Gained mutation: You tend to lose your temper in combat. [a
                  | cacodemon]
 83982 | Abyss:2  | Reached XP level 22. HP: 114/114 MP: 31/31
 84511 | Abyss:3  | Got an abyssal rune of Zot
 84559 | Depths:4 | Escaped the Abyss
 85175 | Slime:1  | Entered Level 1 of the Pits of Slime
 85352 | Slime:1  | Lost mutation: You tend to lose your temper in combat.
                  | [potion of mutation]
 85352 | Slime:1  | Gained mutation: You are dopey. (Int -2) [potion of
                  | mutation]
 85352 | Slime:1  | Gained mutation: Your spells are a little harder to cast,
                  | but a little more powerful. [potion of mutation]
 85353 | Slime:1  | Lost mutation: Your spells are a little harder to cast, but
                  | a little more powerful. [potion of mutation]
 85353 | Slime:1  | Lost mutation: You are dopey. (Int -2) [potion of mutation]
 85353 | Slime:1  | Gained mutation: You can translocate small distances at
                  | will. [potion of mutation]
 85353 | Slime:1  | Gained mutation: You have a pair of small antennae on your
                  | head. [potion of mutation]
 85353 | Slime:1  | Gained mutation: Your spells are a little harder to cast,
                  | but a little more powerful. [potion of mutation]
 85354 | Slime:1  | Lost mutation: You can translocate small distances at will.
                  | [potion of mutation]
 85354 | Slime:1  | Lost mutation: Your spells are a little harder to cast, but
                  | a little more powerful. [potion of mutation]
 85354 | Slime:1  | Gained mutation: You are partially covered in slimy green
                  | scales. (AC +2) [potion of mutation]
 85788 | Zot:1    | Entered Level 1 of the Realm of Zot
 86336 | Zot:1    | Noticed a golden dragon
 86339 | Zot:1    | Killed a golden dragon
 86566 | Zot:1    | Noticed a curse toe
 86573 | Zot:1    | Killed a curse toe
 86623 | Zot:1    | HP: 7/149 [green draconian monk (31)]
 86628 | Zot:1    | Slain by a moth of wrath
 86629 | Zot:1    | Reached XP level 21. HP: -5/143 MP: 2/38
 86788 | Zot:1    | Got a faintly glowing bronze ring
 86789 | Zot:1    | Identified the ring of Odacs {rCorr MR+} (You found it on
                  | level 1 of the Realm of Zot)
 86909 | Zot:1    | Noticed a golden dragon
 86914 | Zot:1    | Killed a golden dragon
 87221 | Zot:5    | Entered Level 5 of the Realm of Zot
 87366 | Zot:2    | Noticed a golden dragon
 87371 | Zot:2    | Killed a golden dragon
 87639 | Zot:3    | Noticed a Killer Klown
 87658 | Zot:3    | Killed a Killer Klown
 87701 | Zot:3    | Reached skill level 10 in Translocations
 88038 | Zot:5    | Noticed a golden dragon
 88045 | Zot:5    | Killed a golden dragon
 88045 | Zot:5    | Reached XP level 22. HP: 115/115 MP: 39/39
 88619 | Zot:5    | Reached skill level 21 in Fighting
 90069 | Zot:5    | Noticed a Killer Klown
 90078 | Zot:5    | Killed a Killer Klown
 90078 | Zot:5    | Noticed an ancient lich
 90096 | Zot:5    | Killed an ancient lich
 90115 | Zot:5    | Noticed an orb of fire
 90145 | Zot:5    | Noticed an ancient lich
 90157 | Zot:5    | Killed an ancient lich
 90434 | Zot:5    | Got the Orb of Zot
 90439 | Zot:5    | Noticed a Killer Klown
 90440 | Zot:5    | Noticed an ancient lich
 90440 | Zot:5    | Noticed an orb of fire
 90440 | Zot:5    | Noticed a Killer Klown
 90444 | Zot:5    | Noticed an orb of fire
 90449 | Zot:5    | Noticed a Killer Klown
 90449 | Zot:5    | Noticed an ancient lich
 91028 | D:7      | Noticed Erghit the pandemonium lord
 91221 | D:$      | Escaped with the Orb!

Levels and vault maps discovered:
D:1:      roderic_octagonal_star, layout_basic, grunt_decor_resistance
D:2:      layout_rooms, nicolae_overflow_hidden_temple, first_ration,
          wad_floor_pattern_1, grunt_ministairs_2, uniq_jessica, uniq_natasha
D:3:      layout_loops_corners
D:4:      layout_loops_ring, gup_sewer_entry_bubbles, serial_shops, shop
D:5:      layout_basic, minmay_temple_entry_slanted
D:6:      layout_loops_ring, minitemple, st_stairs_2
D:7:      cheibrodos_statue_roulette, layout_basic, slow_altar_1,
          lemuel_crystal_altar, old_standard_altar, grunt_livestock,
          minmay_shop_grid_forest
D:8:      kennysheep_seaside_town, layout_basic, nemelex_altar_shiori
D:9:      layout_grid_maze, lair_entry_dummy, uniq_psyche
D:10:     layout_rooms, minmay_chambers_of_fives
D:11:     layout_loops_ring, erik_orc_1, uniq_erolcha
D:12:     cheibrodos_shockbox, layout_irregular_city, okawaru_ov_weapons_minmay,
          uniq_josephine
D:13:     layout_loops_corners, hangedman_vaults_entry_quadrant_bands,
          minmay_large_rounded_square
D:14:     layout_stronghold
D:15:     grunt_enter_depths_hoard, layout_long_grid, basic_altar,
          hangedman_decor_peaks_small, due_unseen_surprise
Temple:   eino_temple_water
Lair:1:   layout_misc_corridors, serial_bayou_shore_a,
          infiniplex_staircase_pool, grunt_megastairs_1
Lair:2:   layout_cave_pods, portal_ice_cave_entry_imps
Lair:3:   layout_roguey, swamp_mist, nicolae_volcano_entry_two_sided
Lair:4:   layout_cave_pods, nicolae_spider_entry_orb_guardian,
          gammafunk_ghost_berserking_beasts
Lair:5:   layout_cave_pods, serial_bayou_shore_b, serial_bayou_shore_b,
          grunt_megastairs_3, uniq_nessos
Lair:6:   minmay_lair_end_enchanted_forest, layout_regular_city,
          nicolae_slime_entry_slimehenge
Swamp:1:  layout_basic_swamp, nicolae_swamp_feature_on_the_river_bank
Swamp:2:  layout_falls_marsh, nicolae_swamp_stair_fork
Swamp:3:  cheibrodos_swamp_heart_of_darkness, layout_basic_swamp,
          hangedman_swamp_cone
Swamp:4:  swamp_pestilence, layout_basic_swamp
Spider:1: layout_spider_delve
Spider:2: layout_spider_delve, nicolae_spider_cling_halls,
          nicolae_spider_cling_ruins
Spider:3: layout_spider_delve, hive_lemuel
Spider:4: guppyfry_spider_rune, nicolae_arachne_temple, uniq_arachne
Slime:1:  layout_caves
Orc:1:    layout_diamond_mine, basic_altar
Orc:2:    st_orc_elflike, layout_diamond_mine
Elf:1:    eino_elf_arrival_altar, layout_geoelf_octagon,
          minmay_elf_annihilation, minmay_shoptagon
Elf:2:    layout_loops_cross, grunt_ministairs_7, dk_noncrumbling_2
Elf:3:    minmay_elf_hall_furrowed, layout_onion_city, serial_shops,
          nicolae_shop_waterfront, shop, shop, shop_fountains, shop_fountains
Vaults:1: v_pattern_3, hangedman_vaults_maws, hangedman_vaults_stream,
          v_rooms_2, nicolae_vaults_network_square,
          nicolae_vaults_mini_display_case, vaults_mumra_lcd,
          hangedman_vaults_corner_blocks, ontoclasm_vaults_decontamination,
          v_alt_pattern_3, vaults_room_ringed_pool, st_more_cells,
          layout_vaults_maze_snakey, uniq_saint_roka
Vaults:2: ontoclasm_vaults_hangar, hangedman_vaults_stagger,
          ontoclasm_vaults_twist, nicolae_vaults_windows_and_doors_thing,
          nicolae_vaults_network_s, vaults_room_corners,
          nicolae_vaults_alarming, minmay_guarded_unrand_secular_launcher,
          ontoclasm_vaults_misaligned, hangedman_vaults_stretched_pinwheel,
          v_misc_26, layout_vaults_omnigrid, uniq_asterion, uniq_donald,
          uniq_aizul
Vaults:3: hangedman_vaults_snaps, minmay_crypt_entry_simple_plaza,
          vaults_room_hallway, v_alt_pattern_2, nicolae_vaults_puzzle_piece,
          v_misc_5, v_misc_32, nicolae_vaults_asterisk, v_pattern_5,
          vaults_room_guarded_vault, layout_vaults_big_cross, uniq_mara
Vaults:4: v_misc_27, v_misc_14, vaults_dpeg_cross, vaults_room_door_hall,
          ontoclasm_vaults_gateway, vaults_room_hallway, hangedman_vaults_trim,
          vaults_room_door_ring, ontoclasm_vaults_loading_screen,
          vaults_dpeg_ring, layout_vaults_chaotic_city, serial_shops, shop,
          shop_statue, shop, shop
Depths:1: layout_basic, minmay_misc_feat_four_crosses, hangedman_coc_ice_floe,
          enter_trove_1, rand_demon_pan_entry_4, mu_enter_wizlab_7,
          minmay_checkered_concentric_circles
Depths:2: minmay_haunted_quarter, layout_gridlike, enter_ziggurat_f,
          rand_demon_pan_entry_5, hell_entry, minmay_misc_feat_doors,
          abyss_entry, infiniplex_staircase_spiral
Depths:3: minmay_quantized_circle, layout_cave_shapes,
          pf_vacation_house_of_asmodeus, chequers_serial_rivers_large_b,
          abyss_entry, pan_entry, minmay_misc_feat_chi
Depths:4: hangedman_arrow_trap, layout_basic, abyss_entry,
          small_statue_intersection, lightli_too_deep
Depths:5: evilmike_zot_entry_argh, layout_gridville,
          nicolae_ashenzari_panopticon, hell_entry, st_stairs_3,
          serial_bayou_shore_b
Zot:1:    layout_basic
Zot:2:    layout_cathedral_of_symmetry, gammafunk_ghost_mausoleum,
          zot_minivault_4
Zot:3:    layout_misc_corridors
Zot:4:    kennysheep_ambush_hall, layout_cathedral_of_symmetry, zot_minivault_1
Zot:5:    layout_basic, st_stairs_2
Abyss:1
Abyss:2:  hangedman_abyss_river_spirits
Abyss:3:  lemuel_firewalk_3, gammafunk_abyss_rune_reverse_zot
Trove:    trove_simple
Sewer:    sewer_co_cracked_pipes
IceCv:    ice_cave_caverns_02
Volcano:  volcano_pools
WizLab:   wizlab_wucad

Skill      XL: |  1  2  3  4  5  6  7  8  9 10 11 12 13 14 15 16 17 18 19 20 21 22 |
---------------+-------------------------------------------------------------------+-----
Fighting       | 1 2 3 4 5 6 8 10 11 12 13 15 17 18 19 20 21 | 21.3
Hexes          | 5 6 7 9 10 11 12 15 16 17 18 | 18.0
Unarmed Combat | 2 3 4 5 6 7 8 9 11 15 14 | 15.1
Stealth        | 5 6 7 10 11 12 13 14 18 19 | 19.6
Ice Magic      | 2 3 |  3.1
Dodging        | 4 6 9 11 12 13 15 16 17 | 17.0
Spellcasting   | 3 5 6 7 8 10 11 12 | 12.0
Earth Magic    | 3 6 9 10 | 10.0
Transmutations | 6 9 11 | 11.0
Necromancy     | 7 9 10 11 | 11.0
Charms         | 2 4 5 8 9 |  9.4
Invocations    | 3 10 9 13 14 | 14.5
Translocations | 6 10 8 | 10.0
Summonings     | 3 6 |  6.5
Air Magic      | 2 6 7 9 |  9.0

Action                   |  1- 3 |  4- 6 |  7- 9 | 10-12 | 13-15 | 16-18 | 19-21 | 22-24 || total
-------------------------+-------+-------+-------+-------+-------+-------+-------+-------++-------
Melee: Unarmed           |   111 |   170 |   210 |   344 |   771 |  1784 |   894 |   289 ||  4573
       Bite              |     3 |    11 |    11 |    24 |    67 |   210 |   128 |    38 ||   492
       Punch             |     1 |     2 |     7 |    13 |    25 |   107 |    69 |    24 ||   248
 Cast: Corona            |     5 |    10 |    13 |    14 |    34 |    56 |    27 |    18 ||   177
       Ensorcelled Hiber |    35 |    76 |   113 |   222 |   336 |   211 |   118 |    18 ||  1129
       Confuse           |     8 |    15 |    61 |    69 |   112 |   124 |   111 |    13 ||   513
       Tukima's Dance    |       |       |    12 |    19 |    38 |    33 |    20 |       ||   122
       Blink             |       |       |       |     2 |     6 |    11 |    12 |    27 ||    58
       Statue Form       |       |       |       |       |    12 |   131 |    73 |    25 ||   241
       Regeneration      |       |       |       |       |     3 |    65 |    59 |    36 ||   163
       Cause Fear        |       |       |       |       |     2 |     3 |       |       ||     5
       Borgnjor's Vile C |       |       |       |       |     1 |   130 |    87 |    31 ||   249
       Summon Lightning  |       |       |       |       |       |    39 |    11 |     1 ||    51
       Deflect Missiles  |       |       |       |       |       |       |     5 |     2 ||     7
       Apportation       |       |       |       |       |       |       |     5 |     5 ||    10
Invok: Shadow Form       |       |       |       |       |       |       |     1 |     5 ||     6
 Abil: End Transformatio |       |       |       |       |       |     3 |     1 |     1 ||     5
Evoke: Wand              |       |       |     5 |    16 |     5 |    33 |       |     4 ||    63
  Use: Potion            |     4 |     4 |       |       |     1 |     8 |     2 |    16 ||    35
       Scroll            |     2 |     6 |     5 |     9 |     6 |     7 |    18 |    15 ||    68
 Stab: Sleeping          |    18 |    69 |    85 |   144 |   298 |   249 |   129 |    20 ||  1012
       Confused          |     2 |     3 |    16 |    29 |    64 |    51 |    46 |     5 ||   216
       Distracted        |       |       |       |       |     5 |     8 |     2 |     1 ||    16
       Held in net/web   |       |       |       |       |       |     1 |       |       ||     1
  Eat: Chunk             |    15 |    22 |    32 |    22 |    39 |   149 |    73 |    12 ||   364
       Ration            |       |       |       |       |       |       |     3 |     9 ||    12
Armor: Skin              |    15 |     9 |     2 |     7 |   126 |   609 |   211 |    83 ||  1062
Dodge: Dodged            |   126 |   134 |    98 |   364 |  1304 |  4009 |  1609 |   692 ||  8336
       Deflected         |       |       |       |       |       |       |    27 |     9 ||    36

Table legend:
 A = Non-vault XP
 B = Vault XP
 C = Vault XP percentage of total XP
 D = Non-vault monster count
 E = Vault monster count
 F = Vault count percentage of total count
                 A         B        C        D         E       F
            +---------+---------+-------+---------+---------+-------
      Total |  771138 |  329325 |  29.9 |    1644 |     598 |  26.7
            +---------+---------+-------+---------+---------+-------
        D:1 |      82 |      37 |  31.1 |      33 |       2 |   5.7
        D:2 |     121 |      45 |  27.1 |      27 |       4 |  12.9
        D:3 |     397 |       0 |   0.0 |      37 |       0 |   0.0
        D:4 |     650 |      42 |   6.1 |      20 |       7 |  25.9
        D:5 |      76 |       0 |   0.0 |       8 |       0 |   0.0
        D:6 |     446 |      11 |   2.4 |      13 |       1 |   7.1
        D:7 |    1051 |      39 |   3.6 |      25 |       1 |   3.8
        D:8 |    2047 |    1217 |  37.3 |      34 |      23 |  40.4
        D:9 |    1182 |     265 |  18.3 |      17 |       1 |   5.6
       D:10 |    2727 |     708 |  20.6 |      33 |       5 |  13.2
       D:11 |    3310 |    1524 |  31.5 |      22 |      18 |  45.0
       D:12 |    6482 |    2903 |  30.9 |      34 |       7 |  17.1
       D:13 |    5914 |    7388 |  55.5 |      33 |      18 |  35.3
       D:14 |   16029 |       0 |   0.0 |      40 |       0 |   0.0
       D:15 |   22657 |    4328 |  16.0 |      43 |       4 |   8.5
     Lair:1 |    3912 |     447 |  10.3 |      26 |       1 |   3.7
     Lair:2 |    5725 |     115 |   2.0 |      22 |      12 |  35.3
     Lair:3 |    2914 |       0 |   0.0 |      11 |       0 |   0.0
     Lair:4 |    4897 |    5430 |  52.6 |      26 |      11 |  29.7
     Lair:5 |    9047 |    1857 |  17.0 |      27 |       3 |  10.0
     Lair:6 |    4245 |    7476 |  63.8 |      18 |      47 |  72.3
    Swamp:1 |    6932 |       0 |   0.0 |      22 |       0 |   0.0
    Swamp:2 |   17102 |       0 |   0.0 |      48 |       0 |   0.0
    Swamp:3 |    7686 |    5004 |  39.4 |      20 |       8 |  28.6
    Swamp:4 |   13234 |   15914 |  54.6 |      37 |      43 |  53.8
   Spider:1 |   17757 |       0 |   0.0 |      50 |       0 |   0.0
   Spider:2 |   14245 |       0 |   0.0 |      42 |       0 |   0.0
   Spider:3 |   17213 |    2891 |  14.4 |      46 |       4 |   8.0
   Spider:4 |   13441 |   37314 |  73.5 |      38 |      72 |  65.5
    Slime:1 |    1952 |       0 |   0.0 |       7 |       0 |   0.0
      Orc:1 |    2034 |    1247 |  38.0 |      35 |       2 |   5.4
      Orc:2 |    1667 |    5671 |  77.3 |      24 |      23 |  48.9
      Elf:1 |   14774 |    9254 |  38.5 |      30 |      13 |  30.2
      Elf:2 |   17472 |    3193 |  15.5 |      31 |       4 |  11.4
      Elf:3 |   16600 |       0 |   0.0 |      26 |       0 |   0.0
   Vaults:1 |   36536 |   32765 |  47.3 |      72 |      58 |  44.6
   Vaults:2 |   21346 |   30907 |  59.1 |      40 |      43 |  51.8
   Vaults:3 |   47982 |   35312 |  42.4 |      80 |      50 |  38.5
   Vaults:4 |   24810 |    4008 |  13.9 |      47 |      12 |  20.3
   Depths:1 |   36138 |    2685 |   6.9 |      46 |       5 |   9.8
   Depths:2 |   44031 |    2917 |   6.2 |      70 |       6 |   7.9
   Depths:3 |   48447 |   23302 |  32.5 |      67 |      23 |  25.6
   Depths:4 |   56510 |    6465 |  10.3 |      71 |       7 |   9.0
   Depths:5 |   51905 |   15131 |  22.6 |      31 |      10 |  24.4
      Zot:1 |   48486 |       0 |   0.0 |      27 |       0 |   0.0
      Zot:2 |   23227 |    6347 |  21.5 |      13 |       3 |  18.8
      Zot:3 |   14292 |       0 |   0.0 |       6 |       0 |   0.0
      Zot:4 |    9794 |       0 |   0.0 |       6 |       0 |   0.0
      Zot:5 |   32641 |   51332 |  61.1 |      17 |      16 |  48.5
    Abyss:1 |    9583 |       0 |   0.0 |      24 |       0 |   0.0
    Abyss:2 |    7465 |     772 |   9.4 |      16 |       2 |  11.1
    Abyss:3 |    1925 |    1228 |  38.9 |       6 |       3 |  33.3
      Sewer |       0 |     119 | 100.0 |       0 |      21 | 100.0
      IceCv |       0 |     566 | 100.0 |       0 |       4 | 100.0
     WizLab |       0 |    1149 | 100.0 |       0 |       1 | 100.0
            +---------+---------+-------+---------+---------+-------
